 Dungeon Crawl Stone Soup version 0.30-a0-799-g109b55a442 (webtiles) character file.

Game seed: 16433947695967735126

35585 KarmaKiller the Stickfighter (level 13, -15/130 HPs)
             Began as a Gargoyle Berserker on Feb 6, 2023.
             Was an Elder of Trog.
             Killed from afar by a thorn hunter (18 damage)
             ... with a volley of thorns
             ... on level 2 of the Swamp on Feb 20, 2023.
             The game lasted 01:26:51 (12982 turns).

KarmaKiller the Stickfighter (Gargoyle Berserker)  Turns: 12982, Time: 01:26:52

Health: -15/130    AC: 29    Str: 24    XL:     13   Next: 84%
Magic:  13/13      EV: 13    Int: 10    God:    Trog [****..]
Gold:   674        SH:  0    Dex: 15    Spells: 12/12 levels left

rFire   + . .      SeeInvis .    x - +5 lajatang (freeze)
rCold   x . .      Faith    .    (shield currently unavailable)
rNeg    + . .      Spirit   .    h - +1 scale mail
rPois   ∞          Reflect  .    P - +1 helmet
rElec   +          Harm     .    K - +1 cloak
rCorr   .          Rampage  .    v - +0 pair of gloves
Will    .....                    d - +2 pair of boots Stlth
                                 i - amulet of regeneration
HPRegen 1.21/turn                y - ring of fire
MPRegen 0.13/turn                Q - +6 ring of dexterity

@: berserking (expiring), hasted, very quick
A: sickness immunity, AC +9, negative energy resistance 1, electricity
resistance, torment resistance 1, petrification resistance, hooves 1
a: Renounce Religion, Berserk, Trog's Hand, Brothers in Arms


You were on level 2 of the Swamp.
You worshipped Trog.
Trog was greatly pleased with you.
You visited 3 branches of the dungeon, and saw 14 of its levels.
You also visited: Sewer.

You collected 674 gold pieces.

Inventory:

Hand Weapons
 a - a +0 mace
 p - a +1 dagger of venom
 t - a +2 antimagic sling
 u - a +1 dagger of venom
 x - a +5 lajatang of freezing (weapon)
 N - a +0 dire flail
Missiles
 o - 5 datura-tipped darts
 V - 3 poisoned darts
Armour
 d - a +2 pair of boots (worn)
 h - a +1 scale mail (worn)
 v - a +0 pair of gloves (worn)
 G - a scarf of repulsion
 K - a +1 cloak (worn)
 P - a +1 helmet (worn)
Jewellery
 b - a ring of positive energy
 i - an amulet of regeneration (around neck)
 m - a ring of willpower
 n - an amulet of reflection
 y - a ring of fire (left hand)
 D - an amulet of guardian spirit
 E - a ring of magical power
 Q - a +6 ring of dexterity (right hand)
Wands
 e - a wand of quicksilver (14)
 s - a wand of roots (27)
 z - a wand of paralysis (23)
 I - a wand of flame (84)
 L - a wand of digging (14)
 M - a wand of polymorph (12)
Scrolls
 c - a scroll of vulnerability
 f - 4 scrolls of amnesia
 j - 5 scrolls of teleportation
 k - a scroll of fear
 w - 4 scrolls of poison
 C - 2 scrolls of silence
 R - a scroll of immolation {unknown}
 S - a scroll of fog {unknown}
 T - a scroll of noise {unknown}
Potions
 g - a potion of attraction
 l - 3 potions of resistance
 q - 4 potions of curing
 r - a potion of berserk rage
 A - 4 potions of might
 B - 2 potions of lignification
 F - 3 potions of degeneration
 H - a potion of cancellation {unknown}
 J - 2 potions of heal wounds (quivered)
 O - a potion of magic {unknown}
 U - a potion of haste


   Skills:
 + Level 12.8 Fighting
 + Level 4.5(11.2) Maces & Flails
 + Level 15.8(16.1) Staves
 + Level 0.3 Throwing
 + Level 11.3 Armour
 + Level 5.9 Dodging
 + Level 3.2 Stealth
 + Level 0.2 Evocations


You had 12 spell levels left.
You didn't know any spells.
Your spell library was empty.

Dungeon Overview and Level Annotations

Branches:
Dungeon (8/15)             Temple (0/1) D:4            Lair (4/5) D:8
  Swamp (2/4) Lair:2       Spider (0/4) Lair:2        Sewer (visited)
  Slime: Lair:4-5

Altars:
Fedhas
Hepliaklqana
Kikubaaqudgha
Okawaru
Sif Muna
Trog
Xom
Yredelemnul

Annotations:
D:5 exclusion: oklob plant


Innate Abilities, Weirdness & Mutations

You are immune to sickness and miasma.
Your stone body is resilient. (AC +9)
You are immune to poison.
You resist negative energy. (rN+)
You are resistant to electric shocks. (rElec)
You are resistant to unholy torment.
You are immune to petrification.
You have large cloven feet.


Message History

Thorny briars emerge from the ground!
The bunyip barely misses you. The bunyip completely misses you.
The bunyip closely misses you.
You barely miss the bunyip. You closely miss the bunyip. You hit the bunyip.
You freeze the bunyip.
The bunyip is lightly wounded.
The thorn hunter fires a volley of thorns at you.
The volley of thorns hits you!!
You barely miss the bunyip.
The bunyip is lightly wounded.
A bloated husk comes into view.
You barely miss the bunyip.
The bunyip is lightly wounded.
You hit the bunyip but do no damage.
The bunyip is lightly wounded.
You hit the bunyip. You freeze the bunyip.
The bunyip is lightly wounded.
The bunyip claws you!! The bunyip claws you! The bunyip claws you!!
* * * LOW HITPOINT WARNING * * *
You closely miss the bunyip.
The bunyip is lightly wounded.
You slice the bunyip!! You freeze the bunyip!
The bunyip is heavily wounded.
The thorn hunter hits you but does no damage.
The thorn hunter barely misses you.
You chop the bunyip into pieces!!! You freeze the bunyip!
You kill the bunyip!
Trog accepts your kill.
A thorn hunter comes into view.
You slash the thorn hunter! You freeze the thorn hunter!
The thorn hunter is moderately damaged.
The thorn hunter barely misses you. The thorn hunter hits you!
* * * LOW HITPOINT WARNING * * *
You barely miss the thorn hunter.
The thorn hunter is moderately damaged.
You slice the thorn hunter!! You freeze the thorn hunter.
The thorn hunter is heavily damaged.
The thorn hunter fires a volley of thorns at you.
The volley of thorns hits you!!
You die... ♣♣♣♣♣ ♣♣♣ ♣PPP♣♣♣PPP

♣♣♣♣.~.~....~
♣♣~~.§~~.~~~~~
♣♣.....~.~~~~~~
..~......~~~~f~
?~~..n.@.~~~~~~
.~.....f...~~~.
...~...<~♣.~~~~
..~~...♣♣♣ ....
.~§~~.. ~.~
~~~~~~. ~.
~~~~~~. .
.~~~~.♣ ~~~~~♣


You could see 2 thorn hunters and a bloated husk.

Vanquished Creatures
  5 eleionomae (Swamp:1)
  A bunyip (Swamp:2)
  Snorg (Lair:3)
  A shambling mangrove (Swamp:1)
  A catoblepas (Lair:4)
  2 hydras (Swamp:1)
  2 alligators (Swamp:1)
  4 death yaks (Lair:4)
  5 spriggans (Swamp:1)
  A skyshark (Lair:4)
  A spriggan druid (Swamp:1)
  2 goliath frogs (Swamp:1)
  A bog body (Lair:2)
  2 elephants (Lair:4)
  Maggie (D:6)
  4 cane toads (Lair:2)
  3 komodo dragons
  2 rime drakes
  A meliai (Lair:2)
  2 tyrant leeches (Swamp:1)
  Grinder (D:4)
  12 blink frogs
  6 hornets (Swamp:1)
  5 dream sheep (Lair:1)
  3 wyverns
  A basilisk (Lair:4)
  13 yaks
  Menkaure (D:7)
  3 swamp worms
  8 water moccasins
  Duvessa (D:5)
  3 orc warriors (D:8)
  2 black bears
  An ogre (D:5)
  14 wolves
  A phantom (D:6)
  8 kobold brigands
  Blork the orc (D:4)
  6 bullfrogs
  5 necrophages
  4 scorpions
  5 wights (D:5)
  Dowan (D:5)
  6 killer bees (Lair:2)
  An electric eel (Lair:2)
  A bullfrog zombie (D:5)
  6 hounds
  A centaur zombie (D:5)
  A human zombie (D:5)
  An iguana (D:5)
  3 orc priests
  2 gnoll boudas (D:7)
  5 orc wizards
  Ijyb (D:2)
  A mummy (D:5)
  12 gnolls
  14 adders
  A river rat (Sewer)
  A shadow imp (D:5)
  3 white imps
  An ufetubus (D:5)
  4 worms
  21 orcs
  13 ball pythons
  2 bats
  11 endoplasms
  11 giant cockroaches
  10 goblins
  13 hobgoblins
  4 jackals (D:3)
  16 kobolds
  3 quokkas
  14 frilled lizards
  9 rats
339 creatures vanquished.

Vanquished Creatures (collateral kills)
  6 elephants (Lair:4)
  A cane toad (Lair:4)
  A wyvern (D:8)
  3 yaks (D:8)
  A basilisk (D:8)
  A water moccasin (D:8)
  A gnoll sergeant (D:8)
  A kobold (D:8)
15 creatures vanquished.

Vanquished Creatures (others)
  3 demonic plants (D:3)
  19 fungi
  46 plants
  13 toadstools (D:5)
  4 withered plants
85 creatures vanquished.

Grand Total: 439 creatures vanquished

Notes
Turn   | Place    | Note
-------+----------+-------------------------------------------
     0 | D:1      | KarmaKiller the Gargoyle Berserker began the quest for the
                  | Orb.
     0 | D:1      | Reached XP level 1. HP: 14/14 MP: 1/1
   102 | D:1      | Reached XP level 2. HP: 13/19 MP: 2/2
  1167 | D:2      | Reached XP level 3. HP: 24/24 MP: 3/3
  1242 | D:2      | Noticed Ijyb
  1256 | D:2      | Killed Ijyb
  1257 | D:2      | Reached XP level 4. HP: 24/29 MP: 0/4
  1578 | D:2      | Reached ** piety under Trog
  1751 | D:2      | Reached XP level 5. HP: 32/33 MP: 5/5
  2259 | D:3      | Reached skill level 1 in Staves
  2379 | D:3      | Found a faded altar of an unknown god.
  2922 | D:4      | Found a staircase to the Ecumenical Temple.
  2960 | D:4      | Reached skill level 2 in Staves
  2960 | D:4      | Reached XP level 6. HP: 31/38 MP: 6/6
  2998 | D:4      | Noticed Blork the orc
  3009 | D:4      | Killed Blork the orc
  3010 | D:4      | Reached skill level 3 in Staves
  3221 | D:4      | Found a glowing drain.
  3226 | Sewer    | Entered a sewer
  3584 | Sewer    | Reached skill level 4 in Staves
  3584 | Sewer    | Reached XP level 7. HP: 36/44 MP: 7/7
  3904 | Sewer    | Reached skill level 5 in Fighting
  4196 | D:4      | Reached skill level 5 in Staves
  4266 | D:4      | Noticed Grinder
  4282 | D:4      | Paralysed by Grinder for 4 turns
  4288 | D:4      | Paralysed by Grinder for 3 turns
  4291 | D:4      | Killed Grinder
  4292 | D:4      | Reached XP level 8. HP: 33/50 MP: 8/8
  4425 | D:4      | Found an iron altar of Okawaru.
  4425 | D:4      | Found a shimmering blue altar of Sif Muna.
  4589 | D:4      | Gained mutation: Your spells are a little easier to cast,
                  | but a little less powerful. [potion of mutation]
  4606 | D:4      | Lost mutation: Your spells are a little easier to cast, but
                  | a little less powerful. [potion of mutation]
  4606 | D:4      | Gained mutation: You have large cloven feet. [potion of
                  | mutation]
  4641 | D:5      | Entered Level 5 of the Dungeon
  4659 | D:5      | Reached skill level 6 in Staves
  4661 | D:5      | Noticed Duvessa
  4667 | D:5      | Noticed Dowan
  4670 | D:5      | Killed Duvessa
  4676 | D:5      | Reached skill level 5 in Armour
  4681 | D:5      | Killed Dowan
  4822 | D:5      | Reached *** piety under Trog
  4882 | D:5      | Found an ancient bone altar of Kikubaaqudgha.
  4926 | D:5      | Reached skill level 7 in Staves
  5011 | D:5      | Reached XP level 9. HP: 52/55 MP: 9/9
  5336 | D:5      | Reached skill level 8 in Staves
  5338 | D:5      | Found a basalt altar of Yredelemnul.
  5450 | D:5      | Found a blossoming altar of Fedhas.
  5469 | D:5      | Noticed an oklob plant
  5840 | D:6      | Reached skill level 9 in Staves
  6094 | D:6      | Noticed Maggie
  6102 | D:6      | Killed Maggie
  6533 | D:7      | Noticed Menkaure
  6544 | D:7      | Killed Menkaure
  6766 | D:7      | Reached skill level 10 in Staves
  6772 | D:7      | Reached **** piety under Trog
  6947 | D:7      | Reached XP level 10. HP: 63/63 MP: 10/10
  7166 | D:7      | Found a shimmering altar of Xom.
  7552 | D:8      | Reached skill level 1 in Stealth
  7633 | D:8      | Reached skill level 11 in Staves
  8000 | D:8      | Found a staircase to the Lair.
  8170 | D:8      | Found a bloodstained altar of Trog.
  8405 | D:8      | Found a hazy altar of Hepliaklqana.
  8526 | Lair:1   | Entered Level 1 of the Lair of Beasts
  8528 | Lair:1   | Upgraded the game from 0.30-a0-743-gbfdf073431 to
                  | 0.30-a0-778-g2ef04afb54
  8955 | Lair:1   | Reached XP level 11. HP: 69/69 MP: 11/11
  8970 | Lair:1   | Reached skill level 12 in Staves
  9991 | Lair:2   | Reached skill level 13 in Staves
 10167 | Lair:2   | Found a hole to the Spider Nest.
 10255 | Lair:2   | Reached XP level 12. HP: 71/76 MP: 12/12
 10454 | Lair:2   | You fall into a shaft and drop 2 floors!
 10454 | Lair:4   | Noticed a catoblepas
 10464 | Lair:4   | Killed a catoblepas
 10477 | Lair:4   | Reached skill level 14 in Staves
 10480 | Lair:4   | Reached skill level 10 in Fighting
 10480 | Lair:4   | Reached skill level 5 in Dodging
 10523 | Lair:4   | Noticed a death yak
 10529 | Lair:4   | Noticed a death yak
 10548 | Lair:4   | Killed a death yak
 10550 | Lair:4   | Noticed a death yak
 10550 | Lair:4   | Noticed a death yak
 10552 | Lair:4   | Killed a death yak
 10556 | Lair:4   | Killed a death yak
 10561 | Lair:4   | Killed a death yak
 10888 | Lair:3   | Reached skill level 10 in Armour
 10939 | Lair:3   | Noticed Snorg
 10958 | Lair:3   | Killed Snorg
 10959 | Lair:3   | Reached skill level 15 in Staves
 10978 | Lair:3   | Reached XP level 13. HP: 84/84 MP: 13/13
 11684 | Lair:2   | Found a staircase to the Swamp.
 11721 | Swamp:1  | Entered Level 1 of the Swamp
 11722 | Swamp:1  | Noticed an eleionoma
 11728 | Swamp:1  | Killed an eleionoma
 12014 | Swamp:1  | Noticed an eleionoma
 12022 | Swamp:1  | Killed an eleionoma
 12491 | Swamp:1  | Noticed a shambling mangrove
 12503 | Swamp:1  | Killed a shambling mangrove
 12541 | Swamp:1  | Noticed an eleionoma
 12552 | Swamp:1  | Noticed an eleionoma
 12556 | Swamp:1  | Killed an eleionoma
 12560 | Swamp:1  | Killed an eleionoma
 12565 | Swamp:1  | Noticed an eleionoma
 12595 | Swamp:1  | Killed an eleionoma
 12956 | Swamp:1  | Upgraded the game from 0.30-a0-778-g2ef04afb54 to
                  | 0.30-a0-799-g109b55a442
 12965 | Swamp:2  | Noticed a bunyip
 12965 | Swamp:2  | Noticed a thorn hunter
 12979 | Swamp:2  | Killed a bunyip
 12979 | Swamp:2  | Noticed a thorn hunter
 12980 | Swamp:2  | HP: 2/130 [thorn hunter (14)]
 12982 | Swamp:2  | Killed from afar by a thorn hunter

Illustrated notes

Levels and vault maps discovered:
D:1:      elethiomel_arrival_shortcut, layout_basic,
          chequers_serial_rivers_micro_e, dreamdust_mushroom_princess,
          st_stairs_12, nicolae_wormholes
D:2:      kennysheep_the_goblin_king, layout_rooms, minmay_lizard_king
D:3:      layout_loops_ring, shapermc_ecumenical_altar_gd,
          ebering_dispersal_statue_hall
D:4:      layout_rooms, gammafunk_temple_overflow_wave,
          minmay_temple_entry_glass, gup_sewer_entry_spiral, uniq_grinder,
          uniq_blork_the_orc
D:5:      layout_loops_ring, tgw_fedhas, lemuel_mausoleum_altar_yredelemnul,
          kiku_gazebo_garden_becter, cheibrodos_gnoll_hut, uniq_duvessa
D:6:      layout_cave_pools, uniq_maggie
D:7:      layout_basic, mainiacjoe_overflow_cross_hatched,
          hangedman_decor_diamond_cutter, uniq_menkaure
D:8:      layout_loops_ring, nicolae_overflow_hidden_temple,
          mainiacjoe_overflow_catwalk, minmay_lair_entry_grove
Lair:1:   layout_regular_city, grunt_megastairs_5, infiniplex_staircase_pool_2
Lair:2:   layout_loops_ring, nicolae_swamp_entry_splash_gauntlet,
          hellmonk_spider_entry_not_the_bees, serial_bayou_pond_b,
          grunt_forest_small_clearing_treed, grunt_megastairs_4,
          serial_bayou_shore_a
Lair:3:   layout_regular_city, grunt_megastairs_1, uniq_snorg
Lair:4:   wander_river, layout_hall_layers, dpeg_slime_entry_corner,
          eino_house_with_fridge
Swamp:1:  nicolae_swamp_wrong_neighborhood, layout_basic_swamp,
          nicolae_swamp_little_swirl, infiniplex_staircase_pool
Swamp:2:  layout_basic_swamp, evilmike_swamp_ruin_house_1

Skill      XL: |  1  2  3  4  5  6  7  8  9 10 11 12 13 |
---------------+----------------------------------------+-----
Fighting       | 4 5 6 7 8 9 11 12 | 12.8
Maces & Flails | 4 |  4.5
Dodging        | 2 3 4 5 |  5.9
Staves         | 2 4 5 7 10 11 13 15 | 15.8
Armour         | 3 4 5 6 7 9 10 11 | 11.3
Stealth        | 1 2 3 |  3.2
Throwing       | |  0.3
Evocations     | |  0.2

Action                     |  1- 3 |  4- 6 |  7- 9 | 10-12 | 13-15 || total
---------------------------+-------+-------+-------+-------+-------++-------
  Melee: Mace              |    72 |    81 |       |       |       ||   153
         Lajatang          |       |   173 |   285 |   441 |   189 ||  1088
  Throw: Throwing net      |       |       |       |       |     2 ||     2
 Invoke: Berserk           |     3 |     4 |     9 |    12 |    11 ||    39
         Trog's Hand       |       |       |     1 |     5 |     1 ||     7
         Brothers in Arms  |       |       |       |     3 |       ||     3
  Evoke: Wand              |       |       |       |     2 |       ||     2
    Use: Scroll            |       |     7 |    12 |    12 |     1 ||    32
         Potion            |       |     3 |     4 |     2 |     1 ||    10
   Stab: Distracted        |       |       |       |     1 |       ||     1
 Armour: Animal skin       |    13 |       |       |       |       ||    13
         Scale mail        |    20 |   147 |   184 |   347 |    76 ||   774
  Dodge: Dodged            |    40 |   160 |   157 |   281 |    63 ||   701
         Repelled          |       |       |     1 |       |       ||     1

Table legend: (Time is in decaauts)
 A = Elapsed time spent in this place.
 B = Non-inter-level travel time spent in this place.
 C = Inter-level travel time spent in this place.
 D = Time resting spent in this place.
 E = Time spent auto-exploring this place.
 F = Levels seen in this place.
 G = Mean time per level.
                   A        B        C        D        E       F      G
               +--------+--------+--------+--------+--------+-----+--------+
         Total |  13537 |  13537 |      0 |   1964 |      0 |  15 |  902.5 |
       Dungeon |   7865 |   7865 |      0 |    790 |      0 |   8 |  983.1 |
          Lair |   3191 |   3191 |      0 |    469 |      0 |   4 |  797.8 |
         Swamp |   1323 |   1323 |      0 |    569 |      0 |   2 |  661.5 |
         Sewer |   1156 |   1156 |      0 |    135 |      0 |   1 | 1156.0 |
               +--------+--------+--------+--------+--------+-----+--------+

Top non-repeatable levels by time:
 Swamp:1: 1314 daAuts
     D:1: 1180 daAuts
   Sewer: 1156 daAuts
  Lair:1: 1150 daAuts
     D:5: 1149 daAuts
     D:7: 1042 daAuts
     D:8: 983 daAuts
     D:3: 972 daAuts
     D:4: 941 daAuts
  Lair:3: 927 daAuts
  Lair:2: 908 daAuts
     D:2: 861 daAuts
     D:6: 733 daAuts
  Lair:4: 204 daAuts
 Swamp:2: 9 daAuts
